 Dungeon Crawl Stone Soup version 0.31.0-11-ge490571c62 (webtiles) character file.

Game seed: 13346454979539788458

53 Arctor the Sneak (level 4, -2/27 HPs)
             Began as a Kobold Brigand on Jan 30, 2024.
             Slain by a gnoll
             ... wielding a +0 club
              (7 damage)
             ... on level 2 of the Dungeon.
             The game lasted 00:00:55 (1180 turns).

Arctor the Sneak (Kobold Brigand)                   Turns: 1180, Time: 00:00:55

Health: -2/27      AC:  2    Str:  8    XL:     4   Next: 11%
Magic:  4/4        EV: 15    Int: 12    God:
Gold:   108        SH:  0    Dex: 18    Spells: 3/3 levels left

rFire   + . .        a - +2 dagger
rCold   + . .        (no shield)
rNeg    . . .        b - +0 robe
rPois   .            (no helmet)
rElec   .            i - scarf {rC+ rF+}
rCorr   .            (no gloves)
SInv    .            (no boots)
Will    .....        (no amulet)
Stlth   ++           (no ring)
HPRegen 0.24/turn    (no ring)
MPRegen 0.09/turn

%: no passive effects
@: confused, ambrosia-drunk
A: small, no large weapons, nightstalker 3
a: no special abilities


You were on level 2 of the Dungeon.
You visited 1 branch of the dungeon, and saw 2 of its levels.

You collected 108 gold pieces.

Inventory:

Hand Weapons
 a - a +2 dagger (weapon)
Missiles
 d - 9 poisoned darts (quivered)
 e - 3 curare-tipped darts
Armour
 b - a +0 robe (worn)
 c - a +0 cloak
 i - a scarf of resistance (worn)
Scrolls
 g - a scroll of torment {unknown}
 j - a scroll of identify {unknown}
Potions
 h - 2 potions of heal wounds {unknown}
 k - a potion of enlightenment {unknown}
 l - 2 potions of curing {unknown}
 m - a potion of magic {unknown}


   Skills:
 + Level 2.7 Fighting
 + Level 3.3 Short Blades
 + Level 2.7 Throwing
 + Level 2.2 Dodging
 + Level 5.8 Stealth


You had 3 spell levels left.
You didn't know any spells.
Your spell library was empty.

Dungeon Overview and Level Annotations

Branches:
Dungeon (2/15)

Altars:

Annotations:
D:1 2 transporters


Innate Abilities, Weirdness & Mutations

You are small and have problems with some larger weapons.
You are completely attuned to the shadows.


Message History

You impale the gnoll!!
You kill the gnoll!
A gnoll comes into view. It is wielding a +0 club.
A gnoll comes into view. It is wielding a +0 club.
Found a plate armour.
The helpless gnoll fails to defend itself.
You impale the gnoll!!
You kill the gnoll!
The gnoll shouts!
You hear an angry hiss.
You hear a loud squeak.
You have reached level 4!
The gnoll closely misses you.
You closely miss the gnoll. The gnoll hits you with a +0 club.
You closely miss the gnoll. The gnoll barely misses you.
You hit the gnoll.
The gnoll is moderately wounded.
The gnoll hits you with a +0 club!
You closely miss the gnoll.
The gnoll is moderately wounded.
The gnoll hits you with a +0 club!
* * * LOW HITPOINT WARNING * * *
You barely miss the gnoll.
The gnoll is moderately wounded.
The gnoll hits you with a +0 club.
* * * LOW HITPOINT WARNING * * *
You barely miss the gnoll.
The gnoll is moderately wounded.
The gnoll hits you with a +0 club.
* * * LOW HITPOINT WARNING * * *
You hit the gnoll but do no damage.
The gnoll is moderately wounded.
You closely miss the gnoll.
The gnoll is moderately wounded.
The gnoll closely misses you.
It was a potion of ambrosia.
You are confused.
You feel invigorated. The gnoll hits you with a +0 club.
* * * LOW HITPOINT WARNING * * *
Okay, then.
The gnoll attacks as it pursues you! The gnoll hits you with a +0 club!
You die...

..# #.## #......#.####.#####
..# #..# #......#....)......
..# ##.# #......#...........
..# #.###......#.####.####. ###
#...#......#...........
########
###.#......######.#####
.......######.........# #.#
.................###### #.#
.....)....%....g@# ##.#
.................#### ###..#
..)....#########....####†..####
.......# #..%...>.......#
.......# #######†######.#
.......# #.# #.# #.# #.# #.#
#.# #.# #.#


You could see a gnoll.

Vanquished Creatures
  2 gnolls (D:2)
  A dart slug (D:2)
  3 bats
  4 endoplasms
  2 giant cockroaches
  A goblin (D:1)
  4 hobgoblins
  2 ball pythons (D:1)
  3 frilled lizards
  3 kobolds
  6 rats
31 creatures vanquished.

Notes
Turn   | Place    | Note
-------+----------+-------------------------------------------
     0 | D:1      | Arctor the Kobold Brigand began the quest for the Orb.
     0 | D:1      | Reached XP level 1. HP: 12/12 MP: 1/1
   112 | D:1      | Reached XP level 2. HP: 18/18 MP: 2/2
   339 | D:1      | Found a transporter.
   356 | D:1      | Reached XP level 3. HP: 22/22 MP: 3/3
   574 | D:1      | Found a transporter.
  1155 | D:2      | Reached XP level 4. HP: 27/27 MP: 4/4
  1179 | D:2      | HP: 1/27 [gnoll/+0 club (6)]
  1180 | D:2      | Slain by a gnoll

Illustrated notes

Levels and vault maps discovered:
D:1:      minmay_arrival_five_plusses, layout_basic, serial_shops,
          nicolae_shop_drivethru
D:2:      layout_basic, kennysheep_generic_room_6

Skill      XL: |  1  2  3 |
---------------+----------+-----
Short Blades   | 3 |  3.3
Dodging        | 2 |  2.2
Fighting       | |  2.7
Throwing       | |  2.7
Stealth        | |  5.8

Action                     |  1- 3 |  4- 6 || total
---------------------------+-------+-------++-------
  Melee: Dagger            |    80 |     8 ||    88
         Punch             |     1 |       ||     1
    Use: Potion            |       |     1 ||     1
   Stab: Sleeping          |    13 |       ||    13
 Armour: Robe              |    25 |     7 ||    32
  Dodge: Dodged            |    51 |     3 ||    54
